 Dungeon Crawl Stone Soup version 0.31.0-1-g2c135a008e (webtiles) character file.

Game seed: 5270961387984652776

159 qw the Shooter (level 5, -1/40 HPs)
             Began as a Djinni Hunter on Jan 23, 2024.
             Was an Initiate of Okawaru.
             Slain by a kobold
             ... wielding a +0 dagger
              (2 damage)
             ... on level 3 of the Dungeon.
             The game lasted 00:00:08 (2221 turns).

qw the Shooter (Djinni Hunter)                      Turns: 2221, Time: 00:00:08

Health: -1/40      AC:  5    Str: 10    XL:     5   Next: 68%
Gold:   155        EV: 11    Int: 11    God:    Okawaru [......] SH:  0 Dex: 18

rFire   + + .        a - +2 shortbow
rCold   x . .        (shield currently unavailable)
rNeg    . . .        d - +0 ring mail
rPois   inf          (no helmet)
rElec   .            (no cloak)
rCorr   .            (no gloves)
SInv    .            (boots unavailable)
Will    .....        b - amulet of faith
Stlth   +            (no ring)
HPRegen 0.26/turn    (no ring)
MPRegen 0.00/turn

%: faith, infuse magic (-2 HP)
@: flying
A: sickness immunity, fire resistance 2, cold vulnerability 1, float, innate
caster, HP casting, extra vitality 1
a: Renounce Religion


You were on level 3 of the Dungeon.
You worshipped Okawaru.
Okawaru was noncommittal.
You visited 2 branches of the dungeon, and saw 5 of its levels.

You collected 155 gold pieces.


Innate Abilities, Weirdness & Mutations

You are immune to sickness and miasma.
You are immune to poison.
Your flesh is very heat resistant. (rF++)
You are vulnerable to cold. (rC-)
You float through the air rather than walking.
You learn spells naturally, not from books.
Your magical power is your life essence.
You have superior vitality. (+4 MHP)


   Skills:
 - Level 3.1 Fighting
 + Level 4.8 Ranged Weapons
 - Level 1.3 Armour
 - Level 2.1 Dodging
 - Level 0.7 Stealth


You knew the following spells:

 Your Spells              Type           Power      Damage    Failure   Level
a - Sting                 Conj/Alch      0%         1d3       65%         1
b - Searing Ray           Conj           0%         2d4       80%         2
Your spell library was empty.

Inventory:

Hand Weapons
 a - a +2 shortbow (weapon)
Armour
 d - a +0 ring mail (worn)
Jewellery
 b - an amulet of faith (around neck)
Potions
 c - a potion of enlightenment {unknown}
 e - a potion of curing {unknown}
 h - a potion of degeneration {unknown}

Dungeon Overview and Level Annotations

Branches:
Dungeon (4/15)             Temple (1/1) D:4

Altars:
Ashenzari
Elyvilon
Fedhas
Hepliaklqana
Makhleb
Okawaru
Qazlal
Trog
Uskayaw
Wu Jian
Xom
Yredelemnul
Zin
The Shining One


Message History

The arrow hits Robin but does no damage.
Robin is almost dead.
Robin misses you. The kobold hits you but does no damage.
The hobgoblin hits you but does no damage.
The kobold hits you but does no damage.
Robin hits you with a +0 short sword of draining.
The hobgoblin hits you but does no damage.
You shoot an arrow. The arrow hits Robin.
You kill Robin!
Okawaru accepts your kill. The kobold barely misses you.
A goblin comes into view. It is wielding a +0 spear.
You shoot an arrow. The arrow hits the hobgoblin!
You kill the hobgoblin!
Okawaru accepts your kill. The kobold hits you but does no damage.
You shoot an arrow. The arrow barely misses the goblin.
The kobold hits you with a +0 dagger. The goblin hits you with a +0 dagger.
You shoot an arrow. The arrow hits the goblin!
You kill the goblin!
Okawaru accepts your kill.
An orc comes into view. It is wielding a +0 club.
The kobold barely misses you.
The goblin hits you from afar with a +0 spear.
The hobgoblin closely misses you. The goblin hits you but does no damage.
The kobold hits you with a +0 dagger.
The orc moves out of view.
You shoot an arrow. The arrow barely misses the hobgoblin.
The hobgoblin no longer looks unusually strong.
The hobgoblin hits you. The kobold hits you with a +0 dagger.
The goblin hits you from afar with a +0 spear.
You shoot an arrow. The arrow barely misses the hobgoblin.
The goblin no longer looks unusually strong.
The hobgoblin hits you. The kobold hits you with a +0 dagger.
The goblin completely misses you.
You shoot an arrow. The arrow barely misses the hobgoblin.
The kobold hits you with a +0 dagger. The goblin hits you but does no damage.
The hobgoblin closely misses you. The goblin barely misses you.
The goblin hits you from afar with a +0 spear.
The kobold hits you with a +0 dagger.
You die...

#.# .# #.# # .
#.# .. #. ###
#.. #.#. ..#
### #....#.# #
.#..#.#.# #
......K># #
##..##.@# #
#...g)gggo..#
#
##.#######....
# # .. # # # #
# #####


You could see an orc, a hobgoblin, 3 goblins and a kobold.

Vanquished Creatures
  An iguana (D:4)
  Robin (D:3)
  4 gnolls
  2 adders
  2 dart slugs
  4 endoplasms
  2 giant cockroaches
  10 goblins
  6 hobgoblins
  2 quokkas
  5 ball pythons
  5 bats
  6 frilled lizards
  6 kobolds
  9 rats
65 creatures vanquished.

Notes
Turn   | Place    | Note
-------+----------+-------------------------------------------
     0 | D:1      | qw the Djinni Hunter began the quest for the Orb.
     0 | D:1      | Reached XP level 1. HP: 18/18 MP: 0/0
     0 | D:1      | 0 ||| qw: Version: 0.3-a-135-gb77e89d
     0 | D:1      | 0 ||| qw: Game counter: 855
     0 | D:1      | 0 ||| qw: Melee chars always use a shield: true
     0 | D:1      | 0 ||| qw: God list: Okawaru
     0 | D:1      | 0 ||| qw: Allow faded altars: false
     0 | D:1      | 0 ||| qw: Do Orc after clearing Dungeon:15 true
     0 | D:1      | 0 ||| qw: Do second Lair branch before Depths: true
     0 | D:1      | 0 ||| qw: Lair rune preference: random
     0 | D:1      | 0 ||| qw: Goals: Normal
     0 | D:1      | 0 ||| PLANNING D:1-11
    70 | D:1      | Reached XP level 2. HP: 22/23 MP: 0/0
   196 | D:1      | Reached XP level 3. HP: 28/28 MP: 0/0
   196 | D:1      | Learned a level 1 spell: Sting
   215 | D:1      | Reached skill level 4 in Ranged Weapons
   574 | D:1      | 574 ||| UPGRADING to +0 ring mail.
   584 | D:1      | 584 ||| DROPPING +0 leather armour.
   585 | D:1      | 585 ||| READING scroll labelled OPEHEOM TE YST.
   586 | D:1      | 586 ||| READING scroll labelled DUOXIJ RYISKAD.
   586 | D:1      | 586 ||| ENCHANTING +0 shortbow.
   587 | D:1      | 587 ||| DRINKING 2 black potions.
   588 | D:1      | 588 ||| DROPPING scroll of butterflies.
   589 | D:1      | 589 ||| DROPPING potion of attraction.
   833 | D:2      | Reached skill level 1 in Armour
   833 | D:2      | Reached XP level 4. HP: 34/34 MP: 0/0
  1352 | D:2      | 1352 ||| READING scroll labelled QYKLEI KAFOOM.
  1380 | D:3      | 1380 ||| STAIRDANCE
  1398 | D:3      | 1398 ||| STAIRDANCE
  1403 | D:2      | Reached skill level 3 in Fighting
  1497 | D:3      | 1497 ||| STAIRDANCE
  1543 | D:3      | 1543 ||| STAIRDANCE
  1618 | D:3      | 1618 ||| READING scroll of enchant weapon.
  1618 | D:3      | 1618 ||| ENCHANTING +1 shortbow.
  1655 | D:3      | Reached XP level 5. HP: 40/40 MP: 0/0
  1655 | D:3      | Learned a level 2 spell: Searing Ray
  2021 | D:3      | 2021 ||| READING scroll labelled RAYPE FETHRIF.
  2021 | D:3      | 2021 ||| IDENTIFYING golden potion
  2022 | D:3      | 2022 ||| DROPPING potion of magic.
  2101 | D:4      | 2101 ||| UPGRADING to amulet of faith.
  2106 | D:4      | 2106 ||| READING scroll labelled RISIXE NAOKY.
  2151 | D:4      | Found a staircase to the Ecumenical Temple.
  2154 | D:4      | 2154 ||| PLANNING TEMPLE
  2160 | Temple   | Entered the Ecumenical Temple
  2161 | Temple   | 2161 ||| PLANNING OKAWARU WORSHIP
  2178 | Temple   | Became a worshipper of Warmaster Okawaru
  2179 | Temple   | 2179 ||| PLANNING D:1-11
  2205 | D:3      | Noticed Robin
  2215 | D:3      | Killed Robin
  2219 | D:3      | HP: 8/40 [goblin/+0 spear[Robin] (5)]
  2220 | D:3      | HP: 3/40 [kobold/+0 dagger (3)]
  2221 | D:3      | HP: 1/40 [goblin/+0 spear[Robin] (1)]
  2221 | D:3      | Slain by a kobold

Levels and vault maps discovered:
D:1:      elethiomel_arrival_quiet, layout_rooms
D:2:      layout_loops_corners, hex_large
D:3:      layout_basic, dreamdust_mushroom_princess, minmay_box_of_dots,
          uniq_robin
D:4:      gammafunk_wand_slinger, layout_cave_pools, temple_statues
Temple:   minmay_temple_bridge_d

Skill      XL: |  1  2  3  4 |
---------------+-------------+-----
Ranged Weapons | 4 |  4.8
Armour         | 1 |  1.3
Fighting       | 3 |  3.1
Dodging        | |  2.1
Stealth        | |  0.7

Action                     |  1- 3 |  4- 6 || total
---------------------------+-------+-------++-------
   Fire: Shortbow          |    97 |    75 ||   172
    Use: Scroll            |     2 |     4 ||     6
         Potion            |     1 |       ||     1
 Armour: Leather armour    |    13 |       ||    13
         Ring mail         |     3 |    50 ||    53
  Dodge: Dodged            |    20 |    44 ||    64

Table legend:
 A = Non-vault XP
 B = Vault XP
 C = Vault XP percentage of total XP
 D = Non-vault monster count
 E = Vault monster count
 F = Vault count percentage of total count
                 A         B        C        D         E       F
            +---------+---------+-------+---------+---------+-------
      Total |     205 |      23 |  10.1 |      60 |       5 |   7.7
            +---------+---------+-------+---------+---------+-------
        D:1 |      48 |       0 |   0.0 |      32 |       0 |   0.0
        D:2 |      73 |       0 |   0.0 |      15 |       0 |   0.0
        D:3 |      40 |      23 |  36.5 |       9 |       5 |  35.7
        D:4 |      44 |       0 |   0.0 |       4 |       0 |   0.0
            +---------+---------+-------+---------+---------+-------
